 Dungeon Crawl Stone Soup version 0.23.2-1-ga50397a6bc (webtiles) character file.

Game seed: 13048737516273401972

221 DildoBatman the Conjurer (level 6, -8/41 HPs)
             Began as a Formicid Wizard on Apr 23, 2019.
             Killed from afar by Ijyb (17 damage)
             ... with a wand of acid (6)
             ... on level 3 of the Dungeon.
             The game lasted 00:07:51 (3069 turns).

DildoBatman the Conjurer (Formicid Wizard)          Turns: 3069, Time: 00:07:52

Health: -8/41      AC: -1    Str: 12    XL:     6   Next: 19%
Magic:  10/10      EV: 12    Int: 19    God:
Gold:   125        SH:  0    Dex:  9    Spells: 4/11 levels left

rFire    . . .     SeeInvis +   a - +0 hunting sling
rCold    . . .     Gourm    .   (no shield)
rNeg     . . .     Faith    .   o - +0 robe
rPois    .         Spirit   .   (helmet unavailable)
rElec    .         Reflect  .   (no cloak)
rCorr    .         Harm     .   (no gloves)
MR       .....                  i - +0 pair of boots
Stlth    ++........             (no amulet)
HPRegen  0.13/turn              (no ring)
MPRegen  0.12/turn              (no ring)

@: corroded
A: permanent stasis, dig shafts and tunnels, four strong arms, antennae 3
a: Dig, Shaft Self


You were on level 3 of the Dungeon.
You were not hungry.

You visited 1 branch of the dungeon, and saw 3 of its levels.

You collected 125 gold pieces.

Inventory:

Hand Weapons
 a - a +0 hunting sling (weapon)
 b - a +0 short sword
 p - a +0 dagger
 t - a +3 mace
Missiles
 d - 59 stones (quivered)
 h - 4 javelins
 k - 42 arrows
 m - 39 sling bullets
Armour
 i - a +0 pair of boots (worn)
 o - a +0 robe (worn)
Magical Staves
 u - an uncursed staff of air
Scrolls
 c - a scroll of magic mapping {unknown}
 e - 3 scrolls of identify {unknown}
 f - 3 scrolls of random uselessness {unknown}
 g - a scroll of enchant armour {unknown}
 j - 2 scrolls of remove curse {unknown}
 l - a scroll of teleportation {unknown}
 n - a scroll of amnesia {unknown}
Potions
 q - a potion of curing {unknown}
 s - a potion of lignification {unknown}
Comestibles
 v - 10 rations


   Skills:
 - Level 1.7 Dodging
 - Level 2.4 Stealth
 - Level 3.2 Spellcasting
 * Level 5.2 Conjurations
   Level 1.0 Summonings
   Level 0.8 Translocations


You had 4 spell levels left.
You knew the following spells:

 Your Spells              Type           Power        Failure   Level  Hunger
a - Conjure Flame         Conj/Fire      ##......     16%         3    ###....
c - Magic Dart            Conj           ###.         1%          1    None
e - Mephitic Cloud        Conj/Pois/Air  #.......     22%         3    ###....

Your spell library contained the following spells:

 Spells                   Type           Power        Failure   Level  Hunger
 Call Imp                 Summ           #.......     16%         2    ##.....
 Slow                     Hex            #.......     22%         2    ##.....
 Blink                    Tloc           Unusable     N/A         2    N/A

Dungeon Overview and Level Annotations

Branches:
Dungeon (3/15)

Altars:
Dithmenos

Annotations:
D:3 Ijyb


Innate Abilities, Weirdness & Mutations

You cannot be hasted, slowed, berserked, paralysed or teleported.
You can dig through walls and to a lower floor.
Your four strong arms can wield two-handed weapons with a shield.
You have a pair of large antennae on your head. (SInv)


Message History

There is a stone staircase leading up here.
You climb upwards.
There is a stone staircase leading down here.
You start resting.
Eating one of 6 chunks of flesh.
You eat one of the 6 chunks of flesh.
Some of the chunks of flesh in your inventory have rotted away. x2
All of the chunks of flesh in your inventory have rotted away.
HP restored.
You climb downwards.
Level annotation: Ijyb
There is a stone staircase leading up here.
Ijyb zaps a wand.
The bolt of acid hits you! The acid corrodes you!
You are splashed with acid!
Ijyb screams, "Me stronger than you!"
Ijyb zaps a wand.
The bolt of acid hits you!
You die...

.......#................ ### ###
#....###############.
###8###8####....####### #.....#.
##8...8...8##....#.....###.....#'
##.........##....#...............
#_.........>.....................
##.........##.#..................
##8...8...8##.#.[................
###8###8####.#.@....#........###
##########.#......#......### #
+................#......# # #.
#...##....####..........#####
#.###...##...g## #..........#....
....?..........# #..........#....
...............# #..........#....
...............#
###...........รท.
...............#####.............


You could see Ijyb.

Vanquished Creatures
  A sky beast (D:1)
  A centaur skeleton (D:3)
  2 adders
  6 worms
  2 dart slugs
  4 leopard geckos
  2 orcs (D:3)
  2 giant cockroaches
  6 goblins
  7 hobgoblins
  6 jackals
  A quokka (D:3)
  2 ball pythons
  4 bats
  2 frilled lizards (D:3)
  8 kobolds
  7 rats
63 creatures vanquished.

Notes
Turn   | Place    | Note
-------+----------+-------------------------------------------
     0 | D:1      | DildoBatman the Formicid Wizard began the quest for the
                  | Orb.
     0 | D:1      | Reached XP level 1. HP: 13/13 MP: 4/4
    52 | D:1      | Reached skill level 1 in Conjurations
   146 | D:1      | Reached XP level 2. HP: 16/19 MP: 1/6
   292 | D:1      | Reached skill level 2 in Conjurations
   656 | D:1      | Reached XP level 3. HP: 24/24 MP: 2/7
   661 | D:1      | Learned a level 3 spell: Conjure Flame
   665 | D:1      | Learned a level 3 spell: Mephitic Cloud
  1011 | D:2      | Reached skill level 3 in Conjurations
  1135 | D:2      | Noticed a sky beast
  1243 | D:1      | Killed a sky beast
  1243 | D:1      | Reached skill level 4 in Conjurations
  1243 | D:1      | Reached XP level 4. HP: 20/30 MP: 1/8
  1243 | D:1      | Reached XP level 5. HP: 23/35 MP: 1/9
  2277 | D:3      | Found a shadowy altar of Dithmenos.
  2426 | D:3      | Found a faded altar of an unknown god.
  2754 | D:3      | Reached XP level 6. HP: 41/41 MP: 5/10
  2780 | D:3      | Reached skill level 5 in Conjurations
  2899 | D:3      | Noticed Ijyb
  3069 | D:3      | Killed from afar by Ijyb

Skill      XL: |  1  2  3  4  5  6 |
---------------+-------------------+-----
Conjurations   | 1 2 4 5 |  5.2
Dodging        | |  1.7
Stealth        | |  2.4
Spellcasting   | |  3.2
Summonings     | |  1.0
Translocations | |  0.8

Action                   |  1- 3 |  4- 6 || total
-------------------------+-------+-------++-------
Melee: Club              |     4 |       ||     4
       Dagger            |     1 |       ||     1
       Hunting sling     |     1 |       ||     1
       Short sword       |       |     1 ||     1
 Fire: Hunting sling     |    11 |    32 ||    43
 Cast: Magic Dart        |    63 |    75 ||   138
       Mephitic Cloud    |     4 |       ||     4
       Conjure Flame     |       |     1 ||     1
 Abil: Dig               |       |     4 ||     4
  Eat: Chunk             |     1 |     6 ||     7
Armor: Robe              |     4 |     6 ||    10
Dodge: Dodged            |    14 |     8 ||    22
